Workbook

Sheet Instructions
A1: Instructions
A2: Units | B2: $000
A3: Period/date | B3: 2026-11-05 / annual unless monthly labeled
A4: Metric | B4: Value / Year 1 | C4: Year 2 | D4: Year 3 | E4: Year 4 | F4: Year 5 | G4: Terminal year
A5: Case | B5: Harbor Field Services — fictional educational inputs
A6: Units | B6: $000
A7: Date | B7: 2026-11-05
A8: Mode | B8: Instructor solution
A9: Colors | B9: Blue = input; black = formula. No external links.
A10: Protection | B10: Inputs editable; formulas locked. Unprotect without password for study; not security.
A11: Method | B11: Year-end annual cash flows; retain precision. Read each sheet before editing.
A12: Scenario | B12: Where supplied, scenario 0 = base and 1 = downside. Change input, predict outcome, inspect checks.
A13: Learner task | B13: Replace yellow blank formula cells using linked assumptions and the course instructions.
A14: Recalculation | B14: Run scripts/recalculate_workbooks.py after generation. Formula-engine results and native-engine limits: audit/workbook_validation.json.
A15: Policy | B15: Fictional case, not a lender commitment or legal compliance certificate.

Sheet Assumptions
A1: Assumptions
A2: Units | B2: $000
A3: Period/date | B3: 2026-11-05 / annual unless monthly labeled
A4: Metric | B4: Value / Year 1 | C4: Year 2 | D4: Year 3 | E4: Year 4 | F4: Year 5 | G4: Terminal year
A5: Scenario | B5: 0
A6: Revenue | B6: 5000
A7: EBITDA margin | B7: 0.16
A8: DA ratio | B8: 0.02
A9: CapEx ratio | B9: 0.024
A10: NWC ratio | B10: 0.09
A11: Opening NWC | B11: 450
A12: Growth | B12: 0.04
A13: Tax | B13: 0.25
A14: Discount rate | B14: 0.2
A15: Terminal growth | B15: 0.02
A16: Excess cash | B16: 50
... A25: Cost debt | B25: 0.1

Sheet Historical financials
A1: Historical financials
A2: Units | B2: $000
A3: Period/date | B3: 2026-11-05 / annual unless monthly labeled
A4: Metric | B4: Value / Year 1 | C4: Year 2 | D4: Year 3 | E4: Year 4 | F4: Year 5 | G4: Terminal year
A5: Revenue | B5: ='Assumptions'!B6 -> 5000
A6: EBITDA | B6: ='Assumptions'!B6*'Assumptions'!B7 -> 800
A7: D&A | B7: ='Assumptions'!B6*'Assumptions'!B8 -> 100
A8: Operating NWC | B8: ='Assumptions'!B11 -> 450

Sheet Revenue forecast
A1: Revenue forecast
A2: Units | B2: $000
A3: Period/date | B3: 2026-11-05 / annual unless monthly labeled
A4: Metric | B4: Value / Year 1 | C4: Year 2 | D4: Year 3 | E4: Year 4 | F4: Year 5 | G4: Terminal year
A5: Growth | B5: =IF('Assumptions'!B5=0,'Assumptions'!B12,'Assumptions'!B19) -> 0.04 | C5: =IF('Assumptions'!B5=0,'Assumptions'!B12,'Assumptions'!B19) -> 0.04 | D5: =IF('Assumptions'!B5=0,'Assumptions'!B12,'Assumptions'!B19) -> 0.04 | E5: =IF('Assumptions'!B5=0,'Assumptions'!B12,'Assumptions'!B19) -> 0.04 | F5: =IF('Assumptions'!B5=0,'Assumptions'!B12,'Assumptions'!B19) -> 0.04 | G5: ='Assumptions'!B15 -> 0.02
A6: Revenue | B6: ='Assumptions'!B6*(1+'Revenue forecast'!B5) -> 5200 | C6: ='Revenue forecast'!B6*(1+'Revenue forecast'!C5) -> 5408 | D6: ='Revenue forecast'!C6*(1+'Revenue forecast'!D5) -> 5624.32 | E6: ='Revenue forecast'!D6*(1+'Revenue forecast'!E5) -> 5849.2928 | F6: ='Revenue forecast'!E6*(1+'Revenue forecast'!F5) -> 6083.2645 | G6: ='Revenue forecast'!F6*(1+'Revenue forecast'!G5) -> 6204.9298

Sheet Operating forecast
A1: Operating forecast
A2: Units | B2: $000
A3: Period/date | B3: 2026-11-05 / annual unless monthly labeled
A4: Metric | B4: Value / Year 1 | C4: Year 2 | D4: Year 3 | E4: Year 4 | F4: Year 5 | G4: Terminal year
A5: EBITDA | B5: ='Revenue forecast'!B6*IF('Assumptions'!B5=0,'Assumptions'!B7,'Assumptions'!B20) -> 832 | C5: ='Revenue forecast'!C6*IF('Assumptions'!B5=0,'Assumptions'!B7,'Assumptions'!B20) -> 865.28 | D5: ='Revenue forecast'!D6*IF('Assumptions'!B5=0,'Assumptions'!B7,'Assumptions'!B20) -> 899.8912 | E5: ='Revenue forecast'!E6*IF('Assumptions'!B5=0,'Assumptions'!B7,'Assumptions'!B20) -> 935.88685 | F5: ='Revenue forecast'!F6*IF('Assumptions'!B5=0,'Assumptions'!B7,'Assumptions'!B20) -> 973.32232 | G5: ='Revenue forecast'!G6*IF('Assumptions'!B5=0,'Assumptions'!B7,'Assumptions'!B20) -> 992.78877
A6: D&A | B6: ='Revenue forecast'!B6*'Assumptions'!B8 -> 104 | C6: ='Revenue forecast'!C6*'Assumptions'!B8 -> 108.16 | D6: ='Revenue forecast'!D6*'Assumptions'!B8 -> 112.4864 | E6: ='Revenue forecast'!E6*'Assumptions'!B8 -> 116.98586 | F6: ='Revenue forecast'!F6*'Assumptions'!B8 -> 121.66529 | G6: ='Revenue forecast'!G6*'Assumptions'!B8 -> 124.0986
A7: EBIT | B7: ='Operating forecast'!B5-'Operating forecast'!B6 -> 728 | C7: ='Operating forecast'!C5-'Operating forecast'!C6 -> 757.12 | D7: ='Operating forecast'!D5-'Operating forecast'!D6 -> 787.4048 | E7: ='Operating forecast'!E5-'Operating forecast'!E6 -> 818.90099 | F7: ='Operating forecast'!F5-'Operating forecast'!F6 -> 851.65703 | G7: ='Operating forecast'!G5-'Operating forecast'!G6 -> 868.69017
A8: Operating taxes | B8: =MAX(0,'Operating forecast'!B7*'Assumptions'!B13) -> 182 | C8: =MAX(0,'Operating forecast'!C7*'Assumptions'!B13) -> 189.28 | D8: =MAX(0,'Operating forecast'!D7*'Assumptions'!B13) -> 196.8512 | E8: =MAX(0,'Operating forecast'!E7*'Assumptions'!B13) -> 204.72525 | F8: =MAX(0,'Operating forecast'!F7*'Assumptions'!B13) -> 212.91426 | G8: =MAX(0,'Operating forecast'!G7*'Assumptions'!B13) -> 217.17254

Sheet Working capital
A1: Working capital
A2: Units | B2: $000
A3: Period/date | B3: 2026-11-05 / annual unless monthly labeled
A4: Metric | B4: Value / Year 1 | C4: Year 2 | D4: Year 3 | E4: Year 4 | F4: Year 5 | G4: Terminal year
A5: Ending NWC | B5: ='Revenue forecast'!B6*IF('Assumptions'!B5=0,'Assumptions'!B10,'Assumptions'!B22) -> 468 | C5: ='Revenue forecast'!C6*IF('Assumptions'!B5=0,'Assumptions'!B10,'Assumptions'!B22) -> 486.72 | D5: ='Revenue forecast'!D6*IF('Assumptions'!B5=0,'Assumptions'!B10,'Assumptions'!B22) -> 506.1888 | E5: ='Revenue forecast'!E6*IF('Assumptions'!B5=0,'Assumptions'!B10,'Assumptions'!B22) -> 526.43635 | F5: ='Revenue forecast'!F6*IF('Assumptions'!B5=0,'Assumptions'!B10,'Assumptions'!B22) -> 547.49381 | G5: ='Revenue forecast'!G6*IF('Assumptions'!B5=0,'Assumptions'!B10,'Assumptions'!B22) -> 558.44368
A6: Cash NWC investment | B6: ='Working capital'!B5-'Assumptions'!B11 -> 18 | C6: ='Working capital'!C5-'Working capital'!B5 -> 18.72 | D6: ='Working capital'!D5-'Working capital'!C5 -> 19.4688 | E6: ='Working capital'!E5-'Working capital'!D5 -> 20.247552 | F6: ='Working capital'!F5-'Working capital'!E5 -> 21.057454 | G6: ='Working capital'!G5-'Working capital'!F5 -> 10.949876

Sheet Capital expenditures
A1: Capital expenditures
A2: Units | B2: $000
A3: Period/date | B3: 2026-11-05 / annual unless monthly labeled
A4: Metric | B4: Value / Year 1 | C4: Year 2 | D4: Year 3 | E4: Year 4 | F4: Year 5 | G4: Terminal year
A5: Cash CapEx | B5: ='Revenue forecast'!B6*IF('Assumptions'!B5=0,'Assumptions'!B9,'Assumptions'!B21) -> 124.8 | C5: ='Revenue forecast'!C6*IF('Assumptions'!B5=0,'Assumptions'!B9,'Assumptions'!B21) -> 129.792 | D5: ='Revenue forecast'!D6*IF('Assumptions'!B5=0,'Assumptions'!B9,'Assumptions'!B21) -> 134.98368 | E5: ='Revenue forecast'!E6*IF('Assumptions'!B5=0,'Assumptions'!B9,'Assumptions'!B21) -> 140.38303 | F5: ='Revenue forecast'!F6*IF('Assumptions'!B5=0,'Assumptions'!B9,'Assumptions'!B21) -> 145.99835 | G5: ='Revenue forecast'!G6*IF('Assumptions'!B5=0,'Assumptions'!B9,'Assumptions'!B21) -> 148.91832
A6: Net investment | B6: ='Capital expenditures'!B5-'Operating forecast'!B6 -> 20.8 | C6: ='Capital expenditures'!C5-'Operating forecast'!C6 -> 21.632 | D6: ='Capital expenditures'!D5-'Operating forecast'!D6 -> 22.49728 | E6: ='Capital expenditures'!E5-'Operating forecast'!E6 -> 23.397171 | F6: ='Capital expenditures'!F5-'Operating forecast'!F6 -> 24.333058 | G6: ='Capital expenditures'!G5-'Operating forecast'!G6 -> 24.819719
A7: Reinvestment note | B7: Both maintenance and growth spending are cash uses; no opening PP&E supplied in Harbor packet.

Sheet Unlevered free cash flow
A1: Unlevered free cash flow
A2: Units | B2: $000
A3: Period/date | B3: 2026-11-05 / annual unless monthly labeled
A4: Metric | B4: Value / Year 1 | C4: Year 2 | D4: Year 3 | E4: Year 4 | F4: Year 5 | G4: Terminal year
A5: UFCF | B5: ='Operating forecast'!B7-'Operating forecast'!B8+'Operating forecast'!B6-'Capital expenditures'!B5-'Working capital'!B6 -> 507.2 | C5: ='Operating forecast'!C7-'Operating forecast'!C8+'Operating forecast'!C6-'Capital expenditures'!C5-'Working capital'!C6 -> 527.488 | D5: ='Operating forecast'!D7-'Operating forecast'!D8+'Operating forecast'!D6-'Capital expenditures'!D5-'Working capital'!D6 -> 548.58752 | E5: ='Operating forecast'!E7-'Operating forecast'!E8+'Operating forecast'!E6-'Capital expenditures'!E5-'Working capital'!E6 -> 570.53102 | F5: ='Operating forecast'!F7-'Operating forecast'!F8+'Operating forecast'!F6-'Capital expenditures'!F5-'Working capital'!F6 -> 593.35226 | G5: ='Operating forecast'!G7-'Operating forecast'!G8+'Operating forecast'!G6-'Capital expenditures'!G5-'Working capital'!G6 -> 615.74803

Sheet WACC
A1: WACC
A2: Units | B2: $000
A3: Period/date | B3: 2026-11-05 / annual unless monthly labeled
A4: Metric | B4: Value / Year 1 | C4: Year 2 | D4: Year 3 | E4: Year 4 | F4: Year 5 | G4: Terminal year
A5: Debt weight | B5: =1-'Assumptions'!B23 -> 0.3
A6: Illustrative WACC | B6: ='Assumptions'!B23*'Assumptions'!B24+'WACC'!B5*'Assumptions'!B25*(1-'Assumptions'!B13) -> 0.1905
A7: Case valuation rate | B7: ='Assumptions'!B14 -> 0.2

Sheet Terminal value
A1: Terminal value
A2: Units | B2: $000
A3: Period/date | B3: 2026-11-05 / annual unless monthly labeled
A4: Metric | B4: Value / Year 1 | C4: Year 2 | D4: Year 3 | E4: Year 4 | F4: Year 5 | G4: Terminal year
A5: Terminal UFCF | B5: ='Unlevered free cash flow'!G5 -> 615.74803
A6: Growth spread | B6: ='Assumptions'!B14-'Assumptions'!B15 -> 0.18
A7: Year 5 terminal value | B7: ='Terminal value'!B5/'Terminal value'!B6 -> 3420.8224

Sheet DCF valuation
A1: DCF valuation
A2: Units | B2: $000
A3: Period/date | B3: 2026-11-05 / annual unless monthly labeled
A4: Metric | B4: Value / Year 1 | C4: Year 2 | D4: Year 3 | E4: Year 4 | F4: Year 5 | G4: Terminal year
A5: Discount periods | B5: 1 | C5: 2 | D5: 3 | E5: 4 | F5: 5
A6: Cash PV | B6: ='Unlevered free cash flow'!B5/(1+'Assumptions'!B14)^'DCF valuation'!B5 -> 422.66667 | C6: ='Unlevered free cash flow'!C5/(1+'Assumptions'!B14)^'DCF valuation'!C5 -> 366.31111 | D6: ='Unlevered free cash flow'!D5/(1+'Assumptions'!B14)^'DCF valuation'!D5 -> 317.46963 | E6: ='Unlevered free cash flow'!E5/(1+'Assumptions'!B14)^'DCF valuation'!E5 -> 275.14035 | F6: ='Unlevered free cash flow'!F5/(1+'Assumptions'!B14)^'DCF valuation'!F5 -> 238.45497
A7: Explicit PV | B7: =SUM(B6:F6) -> 1620.0427
A8: Terminal PV | B8: ='Terminal value'!B7/(1+'Assumptions'!B14)^5 -> 1374.7518
A9: Enterprise value | B9: ='DCF valuation'!B7+'DCF valuation'!B8 -> 2994.7945

Sheet Sensitivity analysis
A1: Sensitivity analysis
A2: Units | B2: $000
A3: Period/date | B3: 2026-11-05 / annual unless monthly labeled
A4: Metric | B4: Value / Year 1 | C4: Year 2 | D4: Year 3 | E4: Year 4 | F4: Year 5 | G4: Terminal year
A5: g=0%; columns r=18%,20%,22% | B5: ='Unlevered free cash flow'!B5/(1+0.18)^1+'Unlevered free cash flow'!C5/(1+0.18)^2+'Unlevered free cash flow'!D5/(1+0.18)^3+'Unlevered free cash flow'!E5/(1+0.18)^4+'Unlevered free cash flow'!F5/(1+0.18)^5+('Revenue forecast'!F6*(1+0)*((IF('Assumptions'!B5=0,'Assumptions'!B7,'Assumptions'!B20)-'Assumptions'!B8)*(1-'Assumptions'!B13)+'Assumptions'!B8-IF('Assumptions'!B5=0,'Assumptions'!B9,'Assumptions'!B21))-'Revenue forecast'!F6*0*IF('Assumptions'!B5=0,'Assumptions'!B10,'Assumptions'!B22))/(0.18-0)/(1+0.18)^5 -> 3188.2078 | C5: ='Unlevered free cash flow'!B5/(1+0.2)^1+'Unlevered free cash flow'!C5/(1+0.2)^2+'Unlevered free cash flow'!D5/(1+0.2)^3+'Unlevered free cash flow'!E5/(1+0.2)^4+'Unlevered free cash flow'!F5/(1+0.2)^5+('Revenue forecast'!F6*(1+0)*((IF('Assumptions'!B5=0,'Assumptions'!B7,'Assumptions'!B20)-'Assumptions'!B8)*(1-'Assumptions'!B13)+'Assumptions'!B8-IF('Assumptions'!B5=0,'Assumptions'!B9,'Assumptions'!B21))-'Revenue forecast'!F6*0*IF('Assumptions'!B5=0,'Assumptions'!B10,'Assumptions'!B22))/(0.2-0)/(1+0.2)^5 -> 2854.6301 | D5: ='Unlevered free cash flow'!B5/(1+0.22)^1+'Unlevered free cash flow'!C5/(1+0.22)^2+'Unlevered free cash flow'!D5/(1+0.22)^3+'Unlevered free cash flow'!E5/(1+0.22)^4+'Unlevered free cash flow'!F5/(1+0.22)^5+('Revenue forecast'!F6*(1+0)*((IF('Assumptions'!B5=0,'Assumptions'!B7,'Assumptions'!B20)-'Assumptions'!B8)*(1-'Assumptions'!B13)+'Assumptions'!B8-IF('Assumptions'!B5=0,'Assumptions'!B9,'Assumptions'!B21))-'Revenue forecast'!F6*0*IF('Assumptions'!B5=0,'Assumptions'!B10,'Assumptions'!B22))/(0.22-0)/(1+0.22)^5 -> 2582.6484
A6: g=1%; columns r=18%,20%,22% | B6: ='Unlevered free cash flow'!B5/(1+0.18)^1+'Unlevered free cash flow'!C5/(1+0.18)^2+'Unlevered free cash flow'!D5/(1+0.18)^3+'Unlevered free cash flow'!E5/(1+0.18)^4+'Unlevered free cash flow'!F5/(1+0.18)^5+('Revenue forecast'!F6*(1+0.01)*((IF('Assumptions'!B5=0,'Assumptions'!B7,'Assumptions'!B20)-'Assumptions'!B8)*(1-'Assumptions'!B13)+'Assumptions'!B8-IF('Assumptions'!B5=0,'Assumptions'!B9,'Assumptions'!B21))-'Revenue forecast'!F6*0.01*IF('Assumptions'!B5=0,'Assumptions'!B10,'Assumptions'!B22))/(0.18-0.01)/(1+0.18)^5 -> 3277.6944 | C6: ='Unlevered free cash flow'!B5/(1+0.2)^1+'Unlevered free cash flow'!C5/(1+0.2)^2+'Unlevered free cash flow'!D5/(1+0.2)^3+'Unlevered free cash flow'!E5/(1+0.2)^4+'Unlevered free cash flow'!F5/(1+0.2)^5+('Revenue forecast'!F6*(1+0.01)*((IF('Assumptions'!B5=0,'Assumptions'!B7,'Assumptions'!B20)-'Assumptions'!B8)*(1-'Assumptions'!B13)+'Assumptions'!B8-IF('Assumptions'!B5=0,'Assumptions'!B9,'Assumptions'!B21))-'Revenue forecast'!F6*0.01*IF('Assumptions'!B5=0,'Assumptions'!B10,'Assumptions'!B22))/(0.2-0.01)/(1+0.2)^5 -> 2921.0238 | D6: ='Unlevered free cash flow'!B5/(1+0.22)^1+'Unlevered free cash flow'!C5/(1+0.22)^2+'Unlevered free cash flow'!D5/(1+0.22)^3+'Unlevered free cash flow'!E5/(1+0.22)^4+'Unlevered free cash flow'!F5/(1+0.22)^5+('Revenue forecast'!F6*(1+0.01)*((IF('Assumptions'!B5=0,'Assumptions'!B7,'Assumptions'!B20)-'Assumptions'!B8)*(1-'Assumptions'!B13)+'Assumptions'!B8-IF('Assumptions'!B5=0,'Assumptions'!B9,'Assumptions'!B21))-'Revenue forecast'!F6*0.01*IF('Assumptions'!B5=0,'Assumptions'!B10,'Assumptions'!B22))/(0.22-0.01)/(1+0.22)^5 -> 2633.0333
A7: g=2%; columns r=18%,20%,22% | B7: ='Unlevered free cash flow'!B5/(1+0.18)^1+'Unlevered free cash flow'!C5/(1+0.18)^2+'Unlevered free cash flow'!D5/(1+0.18)^3+'Unlevered free cash flow'!E5/(1+0.18)^4+'Unlevered free cash flow'!F5/(1+0.18)^5+('Revenue forecast'!F6*(1+0.02)*((IF('Assumptions'!B5=0,'Assumptions'!B7,'Assumptions'!B20)-'Assumptions'!B8)*(1-'Assumptions'!B13)+'Assumptions'!B8-IF('Assumptions'!B5=0,'Assumptions'!B9,'Assumptions'!B21))-'Revenue forecast'!F6*0.02*IF('Assumptions'!B5=0,'Assumptions'!B10,'Assumptions'!B22))/(0.18-0.02)/(1+0.18)^5 -> 3378.3669 | C7: ='Unlevered free cash flow'!B5/(1+0.2)^1+'Unlevered free cash flow'!C5/(1+0.2)^2+'Unlevered free cash flow'!D5/(1+0.2)^3+'Unlevered free cash flow'!E5/(1+0.2)^4+'Unlevered free cash flow'!F5/(1+0.2)^5+('Revenue forecast'!F6*(1+0.02)*((IF('Assumptions'!B5=0,'Assumptions'!B7,'Assumptions'!B20)-'Assumptions'!B8)*(1-'Assumptions'!B13)+'Assumptions'!B8-IF('Assumptions'!B5=0,'Assumptions'!B9,'Assumptions'!B21))-'Revenue forecast'!F6*0.02*IF('Assumptions'!B5=0,'Assumptions'!B10,'Assumptions'!B22))/(0.2-0.02)/(1+0.2)^5 -> 2994.7945 | D7: ='Unlevered free cash flow'!B5/(1+0.22)^1+'Unlevered free cash flow'!C5/(1+0.22)^2+'Unlevered free cash flow'!D5/(1+0.22)^3+'Unlevered free cash flow'!E5/(1+0.22)^4+'Unlevered free cash flow'!F5/(1+0.22)^5+('Revenue forecast'!F6*(1+0.02)*((IF('Assumptions'!B5=0,'Assumptions'!B7,'Assumptions'!B20)-'Assumptions'!B8)*(1-'Assumptions'!B13)+'Assumptions'!B8-IF('Assumptions'!B5=0,'Assumptions'!B9,'Assumptions'!B21))-'Revenue forecast'!F6*0.02*IF('Assumptions'!B5=0,'Assumptions'!B10,'Assumptions'!B22))/(0.22-0.02)/(1+0.22)^5 -> 2688.4566

Sheet Enterprise-to-equity bridge
A1: Enterprise-to-equity bridge
A2: Units | B2: $000
A3: Period/date | B3: 2026-11-05 / annual unless monthly labeled
A4: Metric | B4: Value / Year 1 | C4: Year 2 | D4: Year 3 | E4: Year 4 | F4: Year 5 | G4: Terminal year
A5: EV | B5: ='DCF valuation'!B9 -> 2994.7945
A6: Equity | B6: ='DCF valuation'!B9+'Assumptions'!B16-'Assumptions'!B17 -> 2544.7945
A7: Ask less EV | B7: ='Assumptions'!B18-'DCF valuation'!B9 -> 205.20548

Sheet Model checks
A1: Model checks
A2: Units | B2: $000
A3: Period/date | B3: 2026-11-05 / annual unless monthly labeled
A4: Metric | B4: Value / Year 1 | C4: Year 2 | D4: Year 3 | E4: Year 4 | F4: Year 5 | G4: Terminal year
A5: UFCF reconciliation | B5: ='Unlevered free cash flow'!B5-('Operating forecast'!B7-'Operating forecast'!B8+'Operating forecast'!B6-'Capital expenditures'!B5-'Working capital'!B6) -> 0
A6: Terminal spread valid | B6: =IF('Terminal value'!B6>0,0,1) -> 0
A7: Weight check | B7: ='Assumptions'!B23+'WACC'!B5-1 -> 0
